 Dungeon Crawl Stone Soup version 0.31-a0-879-g1609e0ac53 (webtiles) character file.

Game seed: 13725925971668809494

2360 Supercorn the Changeling (level 9, -2/39 HPs)
             Began as a Felid Shapeshifter on Oct 14, 2023.
             Was an Initiate of Gozag.
             Slain by an orc warrior
             ... wielding a +0 battleaxe
              (16 damage)
             ... on level 7 of the Dungeon.
             The game lasted 00:05:27 (7625 turns).

Supercorn the Changeling (Felid Shapeshifter)       Turns: 7625, Time: 00:05:28

Health: -2/39      AC:  2    Str: 10    XL:     9   Next: 21%
Magic:  10/10      EV: 20    Int: 15    God:    Gozag
Gold:   251        SH:  0    Dex: 16    Spells: 8/8 levels left
                                        Lives:  0   Deaths: 3

rFire   . .          .
                       - Unarmed
rCold   . . .        (shield unavailable)
rNeg    . . .        (body armour unavailable)
rPois   .            (helmet unavailable)
rElec   .            (cloak unavailable)
rCorr   +            (gloves unavailable)
SInv    +            (boots unavailable)
Will    +....        (no amulet)
Stlth   ++           f - ring of resist corrosion
HPRegen 0.26/turn    (no ring)
MPRegen 0.12/turn

%: no passive effects
@: flux-form, gold aura, glowing, quick
A: glow, contaminating, very small, claws 1, fangs 3, see invisible, speed 1,
shaggy fur 2, stealthy paws, no weapons or thrown items, no armour, multi-lived
a: Begin Untransformation, Renounce Religion, Potion Petition, Call Merchant,
Bribe Branch


You were on level 7 of the Dungeon.
You worshipped Gozag.
Gozag was aware of your devotion.
You were something dangerously unstable.
You visited 2 branches of the dungeon, and saw 8 of its levels.

You collected 348 gold pieces.
You paid 97 gold pieces to Gozag.

Inventory:

Jewellery
 f - a ring of resist corrosion (left paw)
Talismans
 b - a beast talisman
 c - a flux talisman (active)
 u - a blade talisman
Scrolls
 d - 6 scrolls of fear {unknown}
 e - a scroll of vulnerability {unknown}
 g - 3 scrolls of teleportation
 j - a scroll of enchant armour {unknown}
 k - 5 scrolls of revelation {unknown}
 l - 2 scrolls of enchant weapon {unknown}
 m - a scroll of blinking {unknown}
 n - 4 scrolls of identify {unknown}
 p - a scroll of poison {unknown}
 q - a scroll of silence {unknown}
 s - a scroll of butterflies {unknown}
 t - a scroll of amnesia {unknown}
Potions
 a - a potion of berserk rage {unknown}
 h - 2 potions of curing
 i - 2 potions of attraction {unknown}
 o - 2 potions of heal wounds {unknown}
 r - 2 potions of resistance {unknown}
 v - a potion of haste {unknown}


   Skills:
 + Level 4.7 Fighting
 + Level 6.7 Dodging
 + Level 6.3 Stealth
 * Level 7.2 Unarmed Combat
 * Level 7.3 Shapeshifting


You had 8 spell levels left.
You didn't know any spells.
Your spell library contained the following spells:

 Spells                   Type           Power      Damage    Failure   Level
 Cigotuvi's Dreadful Rot  Necr/Pois/Air  0%         N/A       38%         2
 Ignite Poison            Fire/Tmut/Pois 0%         N/A       63%         3
 Ozocubu's Armour         Ice            0%         N/A       63%         3
 Summon Lightning Spire   Summ/Air       0%         N/A       95%         4
 Freezing Cloud           Conj/Ice/Air   0%         6-21      100%        5
 Lee's Rapid Deconstruct  Erth           0%         3d4*      100%        5
 Metabolic Englaciation   Hex/Ice        0%         N/A       100%        5
 Animate Armour           Summ/Erth      Unusable   N/A       N/A         4
 Simulacrum               Ice/Necr       Unusable   N/A       N/A         6

Dungeon Overview and Level Annotations

Branches:
Dungeon (7/15)             Temple (1/1) D:5

Altars:
Elyvilon
Fedhas
Gozag
Kikubaaqudgha
Makhleb
Qazlal
Ru
Sif Muna
Trog
Vehumet
Wu Jian
Xom
Yredelemnul
Zin

Shops:
D:3 (   D:6 [

Annotations:
D:6 1 runed translucent door, laschroeter's ghost, novice MiFi


Innate Abilities, Weirdness & Mutations

You are something dangerously unstable.
You glow with magical radiation, making you easy to see and hit.
Foes you strike become dangerously contaminated with magical radiation.
You have sharp claws.
You have razor-sharp teeth.
You have supernaturally acute eyesight. (SInv)
You cover ground quickly. (Speed+)
You are covered in thick fur. (AC +2)
Your paws help you pounce on unaware monsters.
You are incapable of wielding weapons or throwing items.
You cannot wear armour.
You gain extra lives every three experience levels.


Message History

You kill the orc wizard!
No target in view!
No target in view!
No target in view!
You now have 236 gold pieces (gained 6).
Things that are here:
a +0 dagger; a +0 robe
Found a stone staircase leading down.
d - 6 scrolls labelled UMEJUU MEJOIPO (gained 1)
You now have 251 gold pieces (gained 15).
An orc comes into view. It is wielding a +0 trident.
The orc shouts!
An orc warrior comes into view. It is wielding a +0 battleaxe.
The orc warrior moves out of view.
The orc hits you from afar with a +0 trident.
The orc closely misses you.
You claw the orc!
You kill the orc!
You scratch the orc warrior.
The orc warrior begins to glow.
The orc warrior is lightly wounded.
The orc warrior hits you with a +0 battleaxe.
You scratch the orc warrior but do no damage.
The orc warrior glows dangerously bright.
The orc warrior is lightly wounded.
The orc warrior completely misses you.
You completely miss the orc warrior.
The orc warrior is lightly wounded.
The orc warrior hits you with a +0 battleaxe!
You are too injured to fight recklessly!
You are too injured to fight recklessly!
You are too injured to fight recklessly!
You are too injured to fight recklessly!
An orc warrior is nearby!
An orc warrior is nearby!
An orc warrior is nearby!
You barely miss the orc warrior.
The orc warrior is lightly wounded.
The orc warrior hits you with a +0 battleaxe!
You die...
Your body crumbles into a pile of gold.

####..........+..........
....
#....#.#....###.....#####
....#
#>.....#..#.......### ....
#####..#..........+ .# ...
#.....#.......# ..#
#######.#..#.......###...#
....###.#..#.............#
.....)..#..#........##...#
....#####....##op.$.....##
........................#
....##.......####.......#
###### ....##.......#
#...##### #.....
....##.......## #...#
#..... ..............#
#...# #.....
...........<..# #...# ###
#..... ###...........#
#.... .... #.....
#............. ....##.....


You could see an orc warrior (heavy contam).

Vanquished Creatures
  Prince Ribbit (D:6)
  Sigmund (D:2)
  Menkaure (D:6)
  An ice beast (D:7)
  3 black bears
  A sky beast (D:6)
  2 ogres
  2 centaurs
  A kobold brigand (D:7)
  A scorpion (D:5)
  4 howler monkeys
  A gnoll bouda (D:5)
  2 jellies
  An orc priest (D:6)
  4 hounds
  Crazy Yiuf (D:2)
  An iguana (D:5)
  4 orc wizards
  Natasha (thrice) (D:3)
  14 gnolls
  3 adders
  A shadow imp (D:7)
  A white imp (D:7)
  2 ufetubi (D:6)
  A worm (D:4)
  22 orcs
  3 bats
  8 endoplasms
  9 giant cockroaches
  8 goblins
  3 hobgoblins
  8 jackals
  11 kobolds
  7 quokkas
  6 ball pythons
  4 frilled lizards
  24 rats
170 creatures vanquished.

Notes
Turn   | Place    | Note
-------+----------+-------------------------------------------
     0 | D:1      | Supercorn the Felid Shapeshifter began the quest for the
                  | Orb.
     0 | D:1      | Reached XP level 1. HP: 9/9 MP: 2/2
   324 | D:1      | Reached XP level 2. HP: 12/12 MP: 3/3
   513 | D:1      | Reached skill level 1 in Stealth
  1008 | D:2      | Reached XP level 3. HP: 15/15 MP: 4/4
  1292 | D:2      | Noticed Sigmund
  1316 | D:2      | Killed Sigmund
  1317 | D:2      | Reached XP level 4. HP: 18/19 MP: 5/5
  1317 | D:2      | Reached XP level 5. HP: 22/22 MP: 6/6
  1789 | D:2      | Found a runed translucent door.
  1790 | D:2      | Noticed Crazy Yiuf
  1796 | D:2      | Slain by Crazy Yiuf
  1882 | D:2      | Killed Crazy Yiuf
  1950 | D:3      | Found Mumog's Antique Weapon Shop.
  1988 | D:3      | Noticed Natasha
  2144 | D:3      | Found a faded altar of an unknown god.
  2169 | D:3      | Killed Natasha
  2170 | D:3      | Gained mutation: You are covered in thick fur. (AC +2)
                  | [Felid growth]
  2170 | D:3      | Reached XP level 6. HP: 9/27 MP: 7/7
  2326 | D:3      | Found a burning altar of Makhleb.
  2596 | D:3      | Noticed Natasha
  2602 | D:3      | Killed Natasha
  2847 | D:3      | Noticed Natasha
  2853 | D:3      | Killed Natasha
  3037 | D:3      | Found a faded altar of an unknown god.
  3180 | D:3      | Found Mumog's Antique Weapon Shop.
  3787 | D:4      | Reached skill level 5 in Shapeshifting
  4020 | D:5      | Entered Level 5 of the Dungeon
  4097 | D:5      | Slain by a gnoll
  4240 | D:6      | Found Illizxek's Armour Boutique.
  4241 | D:6      | Noticed a sky beast
  4254 | D:6      | Killed a sky beast
  4255 | D:6      | Reached skill level 5 in Unarmed Combat
  4255 | D:6      | Reached XP level 7. HP: 25/31 MP: 8/8
  4454 | D:6      | Reached skill level 5 in Dodging
  4495 | D:6      | Found a basalt altar of Yredelemnul.
  4496 | D:6      | Noticed Menkaure
  4501 | D:6      | Noticed Prince Ribbit
  4503 | D:6      | Killed Menkaure
  4523 | D:6      | Demolished by Prince Ribbit
  4557 | D:6      | Killed Prince Ribbit
  4558 | D:6      | Reached XP level 8. HP: 8/36 MP: 9/9
  5084 | D:6      | Reached skill level 5 in Stealth
  5109 | D:6      | Found a runed translucent door.
  5112 | D:6      | Noticed laschroeter's ghost (novice MiFi)
  6366 | D:5      | HP: 1/35 [gnoll/+0 flail[a gnoll bouda] (8)]
  6591 | D:5      | Found a staircase to the Ecumenical Temple.
  6601 | Temple   | Entered the Ecumenical Temple
  6652 | D:5      | Found a radiant altar of Vehumet.
  7089 | D:7      | Reached XP level 9. HP: 17/39 MP: 10/10
  7212 | D:7      | Found a bloodstained altar of Trog.
  7355 | D:7      | Found an ancient bone altar of Kikubaaqudgha.
  7355 | D:7      | Found an opulent altar of Gozag.
  7364 | D:7      | Became a worshipper of Gozag Ym Sagoz the Greedy
  7625 | D:7      | Slain by an orc warrior

Illustrated notes

Levels and vault maps discovered:
D:1:      lightli_arrival_noodles, layout_basic
D:2:      layout_loops_ring, uniq_sigmund, uniq_crazy_yiuf_cottage
D:3:      layout_basic, bloody_makhleb, hellmonk_ecumenical_altar_slurped_away,
          serial_shops, nicolae_shop_hallway_plus, uniq_natasha
D:4:      layout_gridville, minmay_rat_hole
D:5:      layout_cave_pods, general_overflow_altar,
          minmay_temple_entry_crystal_x, portal_sewer_entry_f
D:6:      layout_loops_ring, amcnicky_altar_gilded, serial_shops, shop,
          ebering_ghost_sewer_d, uniq_prince_ribbit1, uniq_menkaure
D:7:      layout_basic, mainiacjoe_overflow_small_starburst, marbit_many_paths,
          chequers_temple_overflow_statue_of_worship, uniq_duvessa
Temple:   hellmonk_temple_rainy

Skill      XL: |  1  2  3  4  5  6  7  8  9 |
---------------+----------------------------+-----
Stealth        | 1 2 3 4 6 |  6.3
Dodging        | 3 4 5 6 |  6.7
Fighting       | 2 3 4 |  4.7
Unarmed Combat | 4 5 6 7 |  7.2
Shapeshifting  | 4 5 6 7 |  7.3

Action                     |  1- 3 |  4- 6 |  7- 9 || total
---------------------------+-------+-------+-------++-------
  Melee: Unarmed           |    76 |   270 |   307 ||   653
         Bite              |     3 |    26 |    40 ||    69
         Punch             |     3 |     6 |       ||     9
    Use: Potion            |     3 |       |     2 ||     5
         Scroll            |       |     1 |       ||     1
   Stab: Sleeping          |     5 |     1 |     2 ||     8
 Armour: Skin              |    26 |    52 |   130 ||   208
  Dodge: Dodged            |    59 |   158 |   317 ||   534
   Form: Flux              |       |     1 |       ||     1

Table legend: (Time is in decaauts)
 A = Elapsed time spent in this place.
 B = Non-inter-level travel time spent in this place.
 C = Inter-level travel time spent in this place.
 D = Time resting spent in this place.
 E = Time spent auto-exploring this place.
 F = Levels seen in this place.
 G = Mean time per level.
                   A        B        C        D        E       F      G
               +--------+--------+--------+--------+--------+-----+--------+
         Total |   6591 |   6331 |    260 |      0 |   5084 |   8 |  823.9 |
       Dungeon |   6588 |   6328 |    260 |      0 |   5084 |   7 |  941.1 |
        Temple |      3 |      3 |      0 |      0 |      0 |   1 |    3.0 |
               +--------+--------+--------+--------+--------+-----+--------+

Top non-repeatable levels by time:
     D:3: 1364 daAuts
     D:6: 1108 daAuts
     D:2: 975 daAuts
     D:4: 948 daAuts
     D:5: 918 daAuts
     D:1: 661 daAuts
     D:7: 611 daAuts
  Temple: 3 daAuts
